 Dungeon Crawl Stone Soup version 0.30.0-30-g96aa6591b8 (webtiles) character file.

Game seed: 1419567188664234453

479 Elmgren the Trooper (level 6, -2/60 HPs)
             Began as a Minotaur Fighter on June 29, 2023.
             Killed by divine providence
             ... invoked by an orc priest
              (9 damage)
             ... on level 5 of the Dungeon.
             The game lasted 00:05:21 (3312 turns).

Elmgren the Trooper (Minotaur Fighter)              Turns: 3312, Time: 00:05:21

Health: -2/60      AC:  5    Str: 25    XL:     6   Next: 86%
Magic:  5/5        EV: 10    Int:  5    God:
Gold:   279        SH:  5    Dex: 10    Spells: 5/5 levels left

rFire   . . .        a - +1 flail
rCold   . . .        c - +1 buckler
rNeg    . . .        u - +0 ring mail "Myred" {Str+3}
rPois   .            (helmet restricted)
rElec   .            (no cloak)
rCorr   .            (no gloves)
SInv    .            (no boots)
Will    .....        (no amulet) Stlth
                     (no ring)
HPRegen 0.30/turn    (no ring)
MPRegen 0.09/turn

%: no passive effects
@: no status effects
A: horns 2, retaliatory headbutt
a: no special abilities


You were on level 5 of the Dungeon.
You visited 1 branch of the dungeon, and saw 5 of its levels.

You collected 279 gold pieces.

Inventory:

Hand Weapons
 a - a +1 flail (weapon)
Armour
 b - a +0 scale mail
 c - a +1 buckler (worn)
 u - the +0 ring mail "Myred" (worn) {Str+3}
   (You found it on level 4 of the Dungeon)

   Str:       It affects your strength (+3).
Jewellery
 d - a ring of ice
 l - a ring of protection from cold
 o - a ring of protection from cold
Wands
 k - a wand of iceblast (9)
Scrolls
 p - a scroll of amnesia
 q - a scroll of enchant weapon
 r - 2 scrolls of identify
 t - a scroll of teleportation {unknown}
Potions
 e - 2 potions of magic {unknown}
 f - a potion of curing
 g - a potion of attraction {unknown}
 h - a potion of mutation {unknown}
 i - 2 potions of flight {unknown}
 j - 2 potions of lignification {unknown}
 m - 3 potions of haste {unknown}
 s - a potion of degeneration {unknown}


   Skills:
 + Level 7.1 Fighting
 + Level 6.5 Maces & Flails
 - Level 3.6 Armour
 - Level 3.6 Shields


You had 5 spell levels left.
You didn't know any spells.
Your spell library contained the following spells:

 Spells                   Type           Power      Damage    Failure   Level
 Magic Dart               Conj           0%         1d3       67%         1
 Call Imp                 Summ           0%         N/A       82%         2
 Inner Flame              Hex/Fire       0%         N/A       96%         3
 Mephitic Cloud           Conj/Pois/Air  0%         N/A       96%         3
 Yara's Violent Unravell  Hex/Tmut       0%         3d3       100%        5
 Enfeeble                 Hex            0%         N/A       100%        7


Dungeon Overview and Level Annotations

Branches:
Dungeon (5/15) Zot: 26640
 Temple: D:4-7

Altars:

Shops:
D:2 !


Innate Abilities, Weirdness & Mutations

You have a pair of horns on your head.
You reflexively headbutt those who attack you in melee.


Message History

You take 8 damage, and have 27/60 hp.
The orc attacks as you move away! The orc barely misses you.
You closely miss the orc. Your headbutt misses the orc.
The orc hits you with a +0 short sword.
* * * LOW HITPOINT WARNING * * *
You take 1 damage, and have 26/60 hp.
You sock the orc!
You kill the orc!
The orc warrior hits you from afar with a +0 glaive!
* * * LOW HITPOINT WARNING * * *
You take 14 damage, and have 12/60 hp.
MASSIVE DAMAGE!!
Sorry, you're not good enough to have a special ability.
You feel better. You block the orc warrior's attack.
You regained 5 hp, and now have 17/60 hp.
The orc warrior hits you with a +0 glaive.
* * * LOW HITPOINT WARNING * * *
The kobold barely misses you. The orc priest barely misses you.
There is an open door, spattered with blood here.
You see here a +0 short sword.
You take 2 damage, and have 15/60 hp.
You sock the orc warrior!
The orc warrior hits you with a +0 glaive!
* * * LOW HITPOINT WARNING * * *
The kobold misses you. The orc priest closely misses you.
You take 8 damage, and have 7/60 hp.
The orc warrior barely misses you.
You hit the orc priest. Your headbutt misses the orc priest.
The orc warrior hits you from afar with a +0 glaive.
* * * LOW HITPOINT WARNING * * *
The orc priest calls upon Beogh to heal the orc warrior.
The orc warrior is healed somewhat.
You take 1 damage, and have 6/60 hp.
You closely miss the orc priest. The orc warrior closely misses you.
The orc priest calls down the wrath of Beogh upon you.
You barely resist.
As you read the scroll of fog, it crumbles to dust.
The scroll dissolves into smoke.
The orc warrior closely misses you.
The orc priest calls down the wrath of Beogh upon you.
Beogh smites you!
You die...

............#......##....#.......
............#......##....#.....#'
###############+#####....#.....#.
#......#....#.....#.
#......#....#.....#.
#......'....#.....#.
#§§..§.######.....#.
#§§§§§............#.
#.§@§.......... #.
####o##........ #. #..o.#........
#....+........ #....#......##
#....########. #......)......
#............. .............###


You could see an orc warrior and an orc priest.

Vanquished Creatures
  A water moccasin (D:4)
  A kobold brigand (D:4)
  3 hounds (D:4)
  2 iguanas
  2 orc wizards (D:4)
  2 adders
  2 worms
  2 dart slugs
  10 orcs
  8 ball pythons
  5 endoplasms
  4 giant cockroaches
  4 hobgoblins
  9 jackals
  6 kobolds
  8 quokkas
  6 bats
  3 frilled lizards
  5 goblins
  7 rats
90 creatures vanquished.

Notes
Turn   | Place    | Note
-------+----------+-------------------------------------------
     0 | D:1      | Elmgren the Minotaur Fighter began the quest for the Orb.
     0 | D:1      | Reached XP level 1. HP: 19/19 MP: 0/0
   309 | D:1      | Reached skill level 4 in Fighting
   323 | D:1      | Reached XP level 2. HP: 27/27 MP: 1/1
   889 | D:2      | Found Amue's Distillery.
  1133 | D:2      | Reached XP level 3. HP: 32/34 MP: 2/2
  1725 | D:3      | Identified the +2 pair of boots of the Valley of Death {rF+
                  | Int+4 Dex+2 Slay-2}
  1742 | D:3      | Reached XP level 4. HP: 36/41 MP: 3/3
  1825 | D:3      | Reached skill level 5 in Fighting
  2199 | D:4      | Reached XP level 5. HP: 28/49 MP: 4/4
  2210 | D:4      | Reached skill level 5 in Maces & Flails
  2373 | D:4      | Reached skill level 6 in Fighting
  2392 | D:4      | Reached XP level 6. HP: 38/58 MP: 5/5
  2502 | D:4      | Identified the +0 ring mail "Myred" {Str+3}
  2812 | D:4      | Noticed a water moccasin
  2837 | D:4      | Killed a water moccasin
  2838 | D:4      | Reached skill level 7 in Fighting
  3104 | D:5      | Entered Level 5 of the Dungeon
  3292 | D:5      | Noticed an orc warrior
  3312 | D:5      | Killed from afar by an orc priest

Illustrated notes

Levels and vault maps discovered:
D:1:      sevenhm_arrival_forest_fort_small_3, layout_basic,
          chequers_hall_statues_corner_a
D:2:      layout_basic, serial_shops, nicolae_diamond_shop,
          amcnicky_mini_rare_corridor_liquid, interstate_on_off
D:3:      layout_rooms, st_stairs_9
D:4:      layout_basic
D:5:      layout_gridville, lemuel_coloured_pillars_altar,
          mainiacjoe_overflow_cross_hatched, chequers_serial_rivers_micro_b,
          kennysheep_nub, kennysheep_pointless_box

Skill      XL: |  1  2  3  4  5  6 |
---------------+-------------------+-----
Fighting       | 4 5 6 7 |  7.1
Maces & Flails | 3 4 5 6 |  6.5
Armour         | |  3.6
Shields        | |  3.6

Action                     |  1- 3 |  4- 6 || total
---------------------------+-------+-------++-------
  Melee: Flail             |   106 |   123 ||   229
         Headbutt          |     8 |    18 ||    26
    Use: Scroll            |     4 |     5 ||     9
         Potion            |       |     3 ||     3
 Armour: Scale mail        |    56 |    36 ||    92
         Ring mail         |       |    16 ||    16
  Dodge: Dodged            |    63 |    59 ||   122
  Block: Buckler           |    25 |    37 ||    62
